TOP OF THE 1ST |
Highwood Hawks batting - Pitching for York Revolution : LHP Luis Peña
|
Pitching: LHP Luis Peña
|
|
Batting: SHB Luis Manuel Flores
|
0-0: Called Strike 0-1: Ball 1-1: SINGLE (Line Drive, 4D)
|
Batting: RHB Oscar Stephens
|
0-0: Ball 1-0: Ball 2-0: Ground out U3 (Groundball, 3S) Luis Manuel Flores to second
|
Batting: LHB Raúl Aguirre
|
0-0: Called Strike 0-1: Ball 1-1: Ball 2-1: Ground out U3 (Groundball, 3) Luis Manuel Flores to third
|
Batting: LHB Jeff Rutherford
|
0-0: Ball 1-0: Called Strike 1-1: Ball Wild Pitch! Luis Manuel Flores scores 2-1: Ball 3-1: Called Strike 3-2: Strikes out swinging
|
Top of the 1st over - 1 run(s), 1 hit(s), 0 error(s), 0 left on base; Highwood 1 - York 0 |
BOTTOM OF THE 1ST |
York Revolution batting - Pitching for Highwood Hawks : RHP Enrique Madrid
|
Pitching: RHP Enrique Madrid
|
|
Batting: RHB Jerrel Woestenberg
|
0-0: Ground out 5-3 (Groundball, 56S)
|
Batting: RHB Danilo Mosca
|
0-0: DOUBLE (Line Drive, 7LS)
|
Batting: SHB Bradley Rowe
|
0-0: Ball 1-0: SINGLE (Groundball, 5D) Danilo Mosca to third Runner from 3rd tries for Home, SAFE, no throw or cutoff
|
Batting: RHB Roberto Ruíz
|
0-0: Fly out, F8 (Flyball, 8LS)
|
Batting: LHB Marcos Deleón
|
0-0: Foul Ball, location: 2F 0-1: Ball 1-1: Called Strike 1-2: Foul Ball, location: 2F 1-2: Ball 2-2: Ball 3-2: Hit by Pitch Bradley Rowe to second
|
Batting: RHB Roberto Ramírez
|
0-0: Ball 1-0: Ball 2-0: Ball 3-0: Base on Balls Bradley Rowe to third Marcos Deleón to second
|
Batting: RHB José Ruíz
|
0-0: Called Strike 0-1: Fly out, F4 (Popup, 34D)
|
Bottom of the 1st over - 1 run(s), 2 hit(s), 0 error(s), 3 left on base; Highwood 1 - York 1 |
TOP OF THE 2ND |
Highwood Hawks batting - Pitching for York Revolution : LHP Luis Peña
|
Batting: RHB Derrek Church
|
0-0: Swinging Strike 0-1: Ball 1-1: Swinging Strike 1-2: Foul Ball, location: 2F 1-2: Strikes out swinging
|
Batting: RHB Armando García
|
0-0: Called Strike 0-1: Foul Ball, location: 2F 0-2: Strikes out looking
|
Batting: RHB Harry Freidricks
|
0-0: Swinging Strike 0-1: Called Strike 0-2: Ball 1-2: Strikes out swinging
|
Top of the 2nd over - 0 run(s), 0 hit(s), 0 error(s), 0 left on base; Highwood 1 - York 1 |
BOTTOM OF THE 2ND |
York Revolution batting - Pitching for Highwood Hawks : RHP Enrique Madrid
|
Batting: RHB Manuel Rivera
|
0-0: Swinging Strike 0-1: Called Strike 0-2: Ball 1-2: Strikes out swinging
|
Batting: SHB Noel King
|
0-0: Fly out, F7 (Flyball, 7D)
|
Batting: RHB Jerrel Woestenberg
|
0-0: Swinging Strike 0-1: Swinging Strike 0-2: SINGLE (Groundball, 5D)
|
Batting: RHB Danilo Mosca
|
0-0: Called Strike 0-1: Foul Ball, location: 2F 0-2: Strikes out looking
|
Bottom of the 2nd over - 0 run(s), 1 hit(s), 0 error(s), 1 left on base; Highwood 1 - York 1 |
TOP OF THE 3RD |
Highwood Hawks batting - Pitching for York Revolution : LHP Luis Peña
|
Batting: RHB Pepe Álvarez
|
0-0: Swinging Strike 0-1: Ball 1-1: Ground out 4-3 (Groundball, 4M)
|
Batting: LHB Errol Levick
|
0-0: Called Strike 0-1: Ball 1-1: Foul Ball, location: 2F 1-2: Ball 2-2: SINGLE (Groundball, 13) (infield hit)
|
Batting: SHB Luis Manuel Flores
|
0-0: Ball 1-0: Foul Ball, location: 2F 1-1: Ball 2-1: Ball 3-1: Called Strike 3-2: Strikes out swinging
|
Batting: RHB Oscar Stephens
|
0-0: Ball 1-0: Fly out, F9 (Flyball, 89S)
|
Top of the 3rd over - 0 run(s), 1 hit(s), 0 error(s), 1 left on base; Highwood 1 - York 1 |
BOTTOM OF THE 3RD |
York Revolution batting - Pitching for Highwood Hawks : RHP Enrique Madrid
|
Batting: SHB Bradley Rowe
|
0-0: Ball 1-0: Fly out, F4 (Popup, 4D)
|
Batting: RHB Roberto Ruíz
|
0-0: Ball 1-0: Ball 2-0: Ball 3-0: Base on Balls
|
Batting: LHB Marcos Deleón
|
0-0: Ball Roberto Ruíz is caught stealing 2nd base 1-0: Swinging Strike 1-1: Ball 2-1: Swinging Strike 2-2: Strikes out swinging
|
Bottom of the 3rd over - 0 run(s), 0 hit(s), 0 error(s), 0 left on base; Highwood 1 - York 1 |
TOP OF THE 4TH |
Highwood Hawks batting - Pitching for York Revolution : LHP Luis Peña
|
Batting: LHB Raúl Aguirre
|
0-0: Ball 1-0: Ball 2-0: DOUBLE (Line Drive, 9LS)
|
Batting: LHB Jeff Rutherford
|
0-0: Foul Ball, location: 2F 0-1: Ball 1-1: Ball 2-1: Foul Ball, location: 2F 2-2: Ball 3-2: Fly out, F7 (Flyball, 78D)
|
Batting: RHB Derrek Church
|
0-0: Called Strike 0-1: Called Strike 0-2: Ball 1-2: Strikes out looking
|
Batting: RHB Armando García
|
0-0: Ball 1-0: Ball 2-0: Called Strike 2-1: Ground out 5-3 (Groundball, 5)
|
Top of the 4th over - 0 run(s), 1 hit(s), 0 error(s), 1 left on base; Highwood 1 - York 1 |
BOTTOM OF THE 4TH |
York Revolution batting - Pitching for Highwood Hawks : RHP Enrique Madrid
|
Batting: RHB Roberto Ramírez
|
0-0: Swinging Strike 0-1: Swinging Strike 0-2: Ball 1-2: Strikes out swinging
|
Batting: RHB José Ruíz
|
0-0: Foul Ball, location: 2F 0-1: Called Strike 0-2: Strikes out swinging
|
Batting: RHB Manuel Rivera
|
0-0: Ball 1-0: Called Strike 1-1: Foul Ball, location: 2F 1-2: Foul Ball, location: 2F 1-2: Foul Ball, location: 2F 1-2: Foul Ball, location: 2F 1-2: Foul Ball, location: 2F 1-2: Strikes out looking
|
Bottom of the 4th over - 0 run(s), 0 hit(s), 0 error(s), 0 left on base; Highwood 1 - York 1 |
TOP OF THE 5TH |
Highwood Hawks batting - Pitching for York Revolution : LHP Luis Peña
|
Batting: RHB Harry Freidricks
|
0-0: Ball 1-0: Fly out, F8 (Flyball, 8LM)
|
Batting: RHB Pepe Álvarez
|
0-0: Ball 1-0: Ball 2-0: Ball 3-0: Base on Balls
|
Batting: LHB Errol Levick
|
0-0: Called Strike 0-1: Foul Ball, location: 2F 0-2: Strikes out swinging
|
Batting: SHB Luis Manuel Flores
|
0-0: Fly out, F9 (Flyball, 89M)
|
Top of the 5th over - 0 run(s), 0 hit(s), 0 error(s), 1 left on base; Highwood 1 - York 1 |
BOTTOM OF THE 5TH |
York Revolution batting - Pitching for Highwood Hawks : RHP Enrique Madrid
|
Batting: SHB Noel King
|
0-0: Ball 1-0: SINGLE (Groundball, 6MD) (infield hit)
|
Batting: RHB Jerrel Woestenberg
|
0-0: Sac Bunt - play at first, batter OUT! 5-4 Noel King to second
|
Batting: RHB Danilo Mosca
|
0-0: Called Strike 0-1: Ball 1-1: SINGLE (Line Drive, 8RS) Noel King to third
|
Batting: SHB Bradley Rowe
|
0-0: Ball 1-0: Called Strike 1-1: Ball 2-1: Swinging Strike 2-2: Strikes out looking
|
Batting: RHB Roberto Ruíz
|
0-0: Called Strike 0-1: Swinging Strike 0-2: Foul Ball, location: 2F 0-2: Strikes out looking
|
Bottom of the 5th over - 0 run(s), 2 hit(s), 0 error(s), 2 left on base; Highwood 1 - York 1 |
TOP OF THE 6TH |
Highwood Hawks batting - Pitching for York Revolution : LHP Luis Peña
|
Batting: RHB Oscar Stephens
|
0-0: Called Strike 0-1: Foul Ball, location: 2F 0-2: Strikes out swinging
|
Batting: LHB Raúl Aguirre
|
0-0: Fly out, F8 (Flyball, 8LM)
|
Batting: LHB Jeff Rutherford
|
0-0: Ball 1-0: Called Strike 1-1: Ball 2-1: Ball 3-1: Foul Ball, location: 2F 3-2: Foul Ball, location: 2F 3-2: Fly out, F3 (Popup, 4S)
|
Top of the 6th over - 0 run(s), 0 hit(s), 0 error(s), 0 left on base; Highwood 1 - York 1 |
BOTTOM OF THE 6TH |
York Revolution batting - Pitching for Highwood Hawks : RHP Enrique Madrid
|
Batting: LHB Marcos Deleón
|
0-0: Ball 1-0: Ball 2-0: Foul Ball, location: 2F 2-1: Ground out 1-3 (Groundball, 13)
|
Batting: RHB Roberto Ramírez
|
0-0: Ball 1-0: Ball 2-0: Hit by Pitch
|
Batting: RHB José Ruíz
|
0-0: Ball 1-0: Ball 2-0: Ball 3-0: Called Strike 3-1: SINGLE (Groundball, 34) Roberto Ramírez to second Throwing error, E9 Roberto Ramírez scores José Ruíz to second
|
Batting: RHB Manuel Rivera
|
0-0: Called Strike 0-1: Ball 1-1: Ball 2-1: Called Strike 2-2: Ball 3-2: Base on Balls
|
Batting: SHB Noel King
|
0-0: Ball 1-0: Called Strike 1-1: Fielders Choice at 2nd, 6-4 (Groundball, 6M) José Ruíz to third
|
Batting: RHB Jerrel Woestenberg
|
0-0: Ball 1-0: Called Strike 1-1: Ball 2-1: Called Strike 2-2: Foul Ball, location: 2F 2-2: Ground out 5-3 (Groundball, 56)
|
Bottom of the 6th over - 1 run(s), 1 hit(s), 1 error(s), 2 left on base; Highwood 1 - York 2 |
TOP OF THE 7TH |
Highwood Hawks batting - Pitching for York Revolution : LHP Luis Peña
|
Batting: RHB Derrek Church
|
0-0: Called Strike 0-1: Ball 1-1: Ball 2-1: Foul Ball, location: 2F 2-2: Ball 3-2: SOLO HOME RUN (Flyball, 7D), Distance : 411 ft
|
Batting: RHB Armando García
|
0-0: Ball 1-0: Foul Ball, location: 2F 1-1: Ground out 5-3 (Groundball, 56)
|
Pinch Hitting: RHB Wilson Pérez
|
0-0: Called Strike 0-1: Ball 1-1: Ball 2-1: Ground out 5-3 (Groundball, 5S)
|
Batting: RHB Pepe Álvarez
|
0-0: Ball 1-0: Called Strike 1-1: Foul Ball, location: 2F 1-2: Strikes out swinging
|
Top of the 7th over - 1 run(s), 1 hit(s), 0 error(s), 0 left on base; Highwood 2 - York 2 |
BOTTOM OF THE 7TH |
York Revolution batting - Pitching for Highwood Hawks : RHP Enrique Madrid
|
Now in RF: Wilson Pérez
|
|
Batting: RHB Danilo Mosca
|
0-0: Ball 1-0: Ball 2-0: Ground out 1-3 (Groundball, 23)
|
Batting: SHB Bradley Rowe
|
0-0: Ball 1-0: Called Strike 1-1: Called Strike 1-2: Ball 2-2: Ground out 4-3 (Groundball, 4)
|
Batting: RHB Roberto Ruíz
|
0-0: Fly out, F7 (Line Drive, 7S)
|
Bottom of the 7th over - 0 run(s), 0 hit(s), 0 error(s), 0 left on base; Highwood 2 - York 2 |
TOP OF THE 8TH |
Highwood Hawks batting - Pitching for York Revolution : LHP Luis Peña
|
Batting: LHB Errol Levick
|
0-0: Called Strike 0-1: Ground out 4-3 (Groundball, 4)
|
Pinch Hitting: RHB Luis Jelarde
|
0-0: Ball 1-0: Ground out 6-3 (Groundball, 6)
|
Pinch Hitting: RHB Marcox Fiadeiro
|
0-0: Ball 1-0: Ball 2-0: Foul Ball, location: 2F 2-1: Called Strike 2-2: Ball 3-2: Foul Ball, location: 2F 3-2: Foul Ball, location: 2F 3-2: Base on Balls
|
Batting: LHB Raúl Aguirre
|
0-0: Called Strike 0-1: Foul Ball, location: 2F 0-2: Ball 1-2: Strikes out swinging
|
Top of the 8th over - 0 run(s), 0 hit(s), 0 error(s), 1 left on base; Highwood 2 - York 2 |
BOTTOM OF THE 8TH |
York Revolution batting - Pitching for Highwood Hawks : RHP Enrique Madrid
|
Pitching: RHP Donald Burton
|
|
Now at 3B: José Vela
|
|
Now at SS: António Sánchez
|
|
Pinch Hitting: RHB Sergio Ortíz
|
0-0: Ball 1-0: Foul Ball, location: 2F 1-1: Ball 2-1: Swinging Strike 2-2: Ball 3-2: Foul Ball, location: 2F 3-2: Base on Balls
|
Pinch Runner at 1st Manny Cervantes:
|
|
Batting: RHB Roberto Ramírez
|
0-0: Sac Bunt - play at first, batter OUT! 5-4 Manny Cervantes to second
|
Batting: RHB José Ruíz
|
0-0: Intentional Walk
|
Pinch Hitting: RHB Chris Costa
|
0-0: Called Strike 0-1: Ball 1-1: Ball 2-1: Ball 3-1: Base on Balls Manny Cervantes to third José Ruíz to second
|
Pinch Hitting: LHB Jim Unknown
|
0-0: Fly out, F8 (Flyball, 8LXD) Runner from 3rd tags up, SCORES, no throw
|
Pinch Hitting: LHB Natale Langushi
|
0-0: Ball 1-0: Foul Ball, location: 2F 1-1: Fielders Choice at 2nd, U6 (Groundball, 6M)
|
Bottom of the 8th over - 1 run(s), 0 hit(s), 0 error(s), 2 left on base; Highwood 2 - York 3 |
TOP OF THE 9TH |
Highwood Hawks batting - Pitching for York Revolution : LHP Luis Peña
|
Pitching: RHP Pablo Vargas
|
|
Now at 1B: Jim Unknown
|
|
Now at 2B: Jay Kidd
|
|
Now in LF: Manny Cervantes
|
|
Now in CF: Kelly Harris
|
|
Batting: LHB Jeff Rutherford
|
0-0: Ball 1-0: Ball 2-0: Foul Ball, location: 2F 2-1: Foul Ball, location: 2F 2-2: Ball 3-2: Base on Balls
|
Pinch Hitting: SHB Carlos Pérez
|
0-0: Foul Ball, location: 2F 0-1: Foul Ball, location: 2F 0-2: Foul Ball, location: 2F 0-2: Ball 1-2: Ball 2-2: Strikes out looking
|
Batting: RHB Armando García
|
0-0: Foul Ball, location: 2F 0-1: Swinging Strike 0-2: Foul Ball, location: 2F 0-2: Strikes out swinging
|
Batting: RHB Wilson Pérez
|
0-0: Fielders Choice at 2nd, 5-4 (Groundball, 56)
|
Top of the 9th over - 0 run(s), 0 hit(s), 0 error(s), 0 left on base; Highwood 2 - York 3 |
|